[Event "Titled Tuesday Blitz March 14 Late 2023"]
[White "Golubev, Mikhail"]
[Black "Yanchenko, Roman"]
[WhiteFideId "14100983"]
[BlackFideId "4137329"]
[WhiteElo "2374"]
[BlackElo "2491"]
[Result "1-0"]
[Round "04"]
[TimeControl "180+1"]
[Date "2023.03.14"]
[WhiteClock "0:00:17"]
[BlackClock "0:00:19"]

1. e4 e6 2. d4 d5 3. Nc3 Bb4 4. e5 Ne7 5. a3 Bxc3+ 6. bxc3 b6 7. Qg4 Kf8 8. a4 Ba6 9. Bxa6 Nxa6 10. a5 b5 11. Ba3 Rc8 12. Nf3 Kg8 13. h4 c5 14. dxc5 Nxc5 15. O-O a6 16. Nd4 h5 17. Qg5 Rh6 18. f4 Rg6 19. Qxh5 Ne4 20. f5 Ng3 21. fxg6 Nxg6 22. Qf3 Nxf1 23. Rxf1 Nxe5 24. Qg3 Qc7 25. Bc1 Ng6 26. Qxc7 Rxc7 27. h5 Ne7 28. Bd2 Nc6 29. Nxc6 Rxc6 30. Rf4 f6 31. g4 e5 32. Rf5 Kf7 33. g5 Ke6 34. Rf3 f5 35. h6 gxh6 36. gxh6 f4 37. Rh3 Rc8 38. h7 Rh8 39. Rh5 Kf6 40. Kf2 Ke6 41. Kf3 Kf6 42. Be1 e4+ 43. Kxf4 Kg6 44. Rh2 Kg7 45. Ke3 Rc8 46. h8=Q+ Rxh8 47. Rxh8 Kxh8 48. Kd4 1-0


[Site "https://www.chess.com"]

[Event "Titled Tuesday Blitz March 14 Late 2023"]
[White "Gorodetzky, David"]
[Black "Vachier-Lagrave, Maxime"]
[WhiteFideId "2813416"]
[BlackFideId "623539"]
[WhiteElo "2484"]
[BlackElo "2740"]
[Result "0-1"]
[Round "04"]
[TimeControl "180+1"]
[Date "2023.03.14"]
[WhiteClock "0:00:06"]
[BlackClock "0:00:12"]

1. Nf3 Nf6 2. b3 b6 3. Bb2 Bb7 4. g3 g6 5. Bg2 Bg7 6. c4 O-O 7. O-O e6 8. Nc3 d5 9. d4 Nbd7 10. Rc1 Re8 11. e3 c5 12. cxd5 Nxd5 13. Nxd5 Bxd5 14. Qe2 cxd4 15. Nxd4 Bxg2 16. Kxg2 Nc5 17. Rfd1 Qd5+ 18. f3 Qh5 19. b4 Nb7 20. Rc7 Nd6 21. g4 Qg5 22. Rd7 Nf5 23. f4 Nxe3+ 24. Kf3 Qh6 25. Qxe3 e5 26. Nc6 Qh3+ 27. Ke2 Qg2+ 28. Ke1 Qxc6 29. fxe5 Qh1+ 30. Ke2 Qg2+ 31. Qf2 Qxg4+ 32. Qf3 Qc4+ 33. Kf2 Qxa2 34. R1d2 Rac8 35. Kg3 Qe6 36. R2d6 Bxe5+ 37. Kh4 Bxd6 0-1


[Site "https://www.chess.com"]

[Event "Titled Tuesday Blitz March 14 Late 2023"]
[White "Gubajdullin, Alexei"]
[Black "Steinberg, Nitzan"]
[WhiteFideId "4141202"]
[BlackFideId "2801795"]
[WhiteElo "2267"]
[BlackElo "2486"]
[Result "0-1"]
[Round "04"]
[TimeControl "180+1"]
[Date "2023.03.14"]
[WhiteClock "0:00:05"]
[BlackClock "0:00:16"]

1. d4 Nf6 2. Nf3 g6 3. Bf4 Bg7 4. e3 O-O 5. Be2 d6 6. O-O b6 7. h3 Bb7 8. a4 a6 9. a5 b5 10. c4 bxc4 11. Bxc4 Nbd7 12. Nc3 c5 13. d5 Rb8 14. Qe2 Qc8 15. e4 Nh5 16. Bh2 Ne5 17. Bxe5 dxe5 18. Rfc1 Nf4 19. Qf1 Kh8 20. Na4 f5 21. Nb6 Qc7 22. Nd2 Bh6 23. Rc2 e6 24. Bxa6 fxe4 25. Nxe4 Bxd5 26. Nxd5 exd5 27. Nxc5 e4 28. Qd1 Qe7 29. Bf1 Bg7 30. g3 Nh5 31. Qxd5 e3 32. Ne6 Rf5 33. Qc6 exf2+ 34. Kh2 Nxg3 35. Kxg3 Be5+ 36. Kg2 Rbf8 37. Nxf8 Qg5+ 38. Kh1 Qg1# 0-1


[Site "https://www.chess.com"]

[Event "Titled Tuesday Blitz March 14 Late 2023"]
[White "Guzman Moneo, Alberto"]
[Black "Di Berardino, Diego Rafael"]
[WhiteFideId "2209616"]
[BlackFideId "2105446"]
[WhiteElo "2157"]
[BlackElo "2432"]
[Result "0-1"]
[Round "04"]
[TimeControl "180+1"]
[Date "2023.03.14"]
[WhiteClock "0:00:10"]
[BlackClock "0:00:12"]

1. e4 c5 2. Nc3 Nc6 3. Bb5 Nd4 4. Nf3 a6 5. Bd3 Nc6 6. Be2 e6 7. O-O Nf6 8. d4 cxd4 9. Nxd4 d6 10. Be3 Be7 11. f4 O-O 12. Kh1 Nxd4 13. Bxd4 b5 14. a3 Bb7 15. Bd3 Qc7 16. Qf3 Rad8 17. Qg3 e5 18. fxe5 Nh5 19. Qf3 dxe5 20. Qxh5 Rxd4 21. Rf3 Qd6 22. Raf1 Qe6 23. Nd5 h6 24. Nxe7+ Qxe7 25. Rg3 Rd6 26. Rf5 Rf6 27. Rxf6 Qxf6 28. Rf3 Qe7 29. h3 Rd8 30. Qg4 f6 31. Rg3 Bc8 32. Qg6 Kh8 33. Kh2 Be6 34. Qh5 Bf7 35. Qe2 Bg8 36. Qg4 Bh7 37. b3 Qd7 38. Qf3 Qe7 39. Qg4 Qd7 40. Qf3 Qd6 41. Qg4 Qf8 42. a4 bxa4 43. bxa4 Rd4 44. a5 Qg8 45. h4 Qf7 46. Rf3 Qe7 47. Qc8+ Rd8 48. Qxa6 f5 49. exf5 Qxh4+ 50. Kg1 e4 51. Qb6 exf3 52. f6 Qd4+ 53. Qxd4 Rxd4 54. f7 Rf4 55. Bc4 f2+ 56. Kf1 Bg6 57. a6 Bxf7 58. Bd3 Ra4 59. Kxf2 Bc4 60. Bxc4 Rxc4 61. a7 Rxc2+ 62. Ke3 Ra2 63. Kf4 Rxa7 64. g4 Ra5 65. g5 Rxg5 66. Kf3 Kh7 67. Kf4 Kg6 68. Kf3 h5 69. Kf4 h4 70. Kf3 h3 71. Kf4 h2 72. Kf3 h1=Q+ 73. Kf4 Qh4+ 74. Kf3 Rg3+ 75. Kf2 Qh2+ 0-1


[Site "https://www.chess.com"]

[Event "Titled Tuesday Blitz March 14 Late 2023"]
[White "Hajiyev, Kanan"]
[Black "Friedel, Tom"]
[WhiteFideId "13404148"]
[BlackFideId "2002108"]
[WhiteElo "2103"]
[BlackElo "2288"]
[Result "1-0"]
[Round "04"]
[TimeControl "180+1"]
[Date "2023.03.14"]
[WhiteClock "0:01:49"]
[BlackClock "0:00:52"]

1. d4 d5 2. Nf3 Nf6 3. c4 e6 4. cxd5 exd5 5. Nc3 Be7 6. Qc2 O-O 7. Bf4 c6 8. e3 Re8 9. Bd3 Nbd7 10. O-O Nf8 11. Rab1 Ng6 12. Bg3 Bd6 13. b4 Bxg3 14. hxg3 a6 15. a4 Bg4 16. b5 axb5 17. axb5 Qd7 18. bxc6 bxc6 19. Na4 Bxf3 20. Nb6 Qg4 21. gxf3 Qh3 22. Nxa8 Rxa8 23. Bf5 Qh5 24. Qxc6 Re8 25. Bxg6 hxg6 26. Kg2 g5 27. g4 Qg6 28. Rb6 Qd3 29. Qb5 Qd2 30. Rxf6 1-0


[Site "https://www.chess.com"]

[Event "Titled Tuesday Blitz March 14 Late 2023"]
[White "Hoffmann, Asa"]
[Black "Womacka, Mathias"]
[WhiteFideId "2001470"]
[BlackFideId "4611390"]
[WhiteElo "2117"]
[BlackElo "2377"]
[Result "1/2-1/2"]
[Round "04"]
[TimeControl "180+1"]
[Date "2023.03.14"]
[WhiteClock "0:00:05"]
[BlackClock "0:00:07"]

1. d4 Nf6 2. Bg5 Ne4 3. Bf4 c5 4. f3 Qa5+ 5. c3 Nf6 6. d5 Qb6 7. e4 Qxb2 8. Nd2 Qxc3 9. Bc7 d6 10. Rb1 g6 11. Ne2 Qe3 12. Nc4 Qh6 13. Ba5 Bg7 14. Bd2 g5 15. h4 Qg6 16. hxg5 Nh5 17. g4 Bxg4 18. fxg4 Qxe4 19. gxh5 Qxh1 20. Qb3 O-O 21. h6 Bh8 22. Qxb7 Qh4+ 23. Kd1 Qxc4 24. Qxa8 Nd7 25. Qc6 Ne5 26. Qb5 Qxa2 27. Qb3 Qxb3+ 28. Rxb3 f6 29. Bh3 fxg5 30. Be6+ Nf7 31. Bxg5 Bf6 32. Rg3 Kh8 33. Bxf6+ exf6 34. Bxf7 Rxf7 35. Nf4 a5 36. Ne6 a4 37. Kc2 Ra7 38. Ra3 Kg8 39. Kc3 Kf7 40. Kc4 Kg6 41. Kb5 Kxh6 42. Kc6 Ra6+ 43. Kd7 f5 44. Ke7 Kg6 45. Nc7 Ra5 46. Kxd6 f4 47. Ne6 f3 48. Nf4+ Kf5 49. Nd3 Ke4 50. Nxc5+ Kd4 51. Ne6+ Ke4 52. Ng5+ Kf4 53. Nxf3 h5 54. Nd4 Ke4 55. Ne6 Rxd5+ 56. Kc6 Ra5 57. Nc5+ Kf4 58. Kb6 Ra8 59. Kb7 Ra5 60. Kb6 Ra8 61. Kb7 Ra5 62. Kb6 1/2-1/2


[Site "https://www.chess.com"]

[Event "Titled Tuesday Blitz March 14 Late 2023"]
[White "Janaszak, Dawid"]
[Black "Sanal, Vahap"]
[WhiteFideId "1119206"]
[BlackFideId "6300545"]
[WhiteElo "2220"]
[BlackElo "2606"]
[Result "1/2-1/2"]
[Round "04"]
[TimeControl "180+1"]
[Date "2023.03.14"]
[WhiteClock "0:00:03"]
[BlackClock "0:00:04"]

1. e4 e5 2. Nf3 Nc6 3. d4 exd4 4. Nxd4 Bc5 5. Nb3 Bb6 6. Nc3 a5 7. Nd5 a4 8. Nxb6 cxb6 9. Nd4 Nf6 10. Nxc6 bxc6 11. Bd3 d5 12. exd5 Qxd5 13. O-O O-O 14. c4 Qd8 15. Bg5 h6 16. Bh4 Be6 17. Rc1 Re8 18. h3 Ra7 19. Qf3 Qd4 20. Bxf6 Qxf6 21. Qxc6 Rd7 22. Bc2 Qxb2 23. Qxa4 Rc8 24. Bb3 Rd2 25. Rb1 Qf6 26. Qa6 Qg5 27. Kh1 Rcd8 28. Qxb6 R8d3 29. Qb8+ Kh7 30. Qh2 Bf5 31. Rbd1 Rxd1 32. Rxd1 Rxd1+ 33. Bxd1 Qc1 34. Qg1 Qxc4 35. Bb3 Qc6 36. f3 f6 37. Qe3 h5 38. Qf4 Bg6 39. Kh2 Qc5 40. Qg3 Qd4 41. Qe1 h4 42. Qe2 Qf4+ 43. Kh1 Qc1+ 44. Kh2 Qc7+ 45. Kh1 Qd6 46. Qe1 Qf4 47. a4 Bf5 48. a5 Bxh3 49. Qe4+ Qxe4 50. fxe4 Bc8 51. Bc4 Bb7 52. Bd5 Ba6 53. Kh2 g5 54. Be6 Kg7 55. Bf5 Kf8 56. Kh3 Ke7 57. Kg4 Kd6 58. Kh5 Ke5 59. Kg6 Bf1 60. Kg7 Be2 61. Kf7 g4 62. a6 Bxa6 63. Bxg4 Bd3 64. Bf3 Bc4+ 65. Kg6 Be6 66. Kh5 h3 67. gxh3 Kf4 68. Bg4 Bf7+ 69. Kh6 Kxe4 70. Kg7 f5 71. Bxf5+ Kxf5 72. Kxf7 Kg5 73. h4+ Kxh4 1/2-1/2


[Site "https://www.chess.com"]

[Event "Titled Tuesday Blitz March 14 Late 2023"]
[White "Kohler, Aran"]
[Black "Kokoszczynski, Jan"]
[WhiteFideId "1002856"]
[BlackFideId "1174460"]
[WhiteElo "2246"]
[BlackElo "2139"]
[Result "1-0"]
[Round "04"]
[TimeControl "180+1"]
[Date "2023.03.14"]
[WhiteClock "0:02:22"]
[BlackClock "0:02:39"]

1. d4 d5 2. Nf3 Nf6 3. Bg5 e6 4. Nbd2 Be7 5. e3 O-O 6. Bd3 c5 7. c3 Nc6 8. h4 b6 9. Bxf6 Bxf6 10. Bxh7+ Kh8 11. Bd3 e5 12. Nxe5 g6 13. Nxc6 1-0


[Site "https://www.chess.com"]

[Event "Titled Tuesday Blitz March 14 Late 2023"]
[White "Kornyukov, Alexey"]
[Black "Fernandez Siles, Luis"]
[WhiteFideId "4150457"]
[BlackFideId "2209420"]
[WhiteElo "2352"]
[BlackElo "2186"]
[Result "1/2-1/2"]
[Round "04"]
[TimeControl "180+1"]
[Date "2023.03.14"]
[WhiteClock "0:00:14"]
[BlackClock "0:00:14"]

1. d4 Nf6 2. c4 g6 3. f3 d5 4. cxd5 Nxd5 5. e4 Nb6 6. Nc3 Bg7 7. Be3 O-O 8. Qd2 e5 9. d5 c6 10. h4 cxd5 11. exd5 N8d7 12. h5 Nf6 13. hxg6 fxg6 14. d6 Be6 15. Nh3 Bxh3 16. Rxh3 e4 17. O-O-O Rc8 18. Kb1 Qd7 19. Bb5 Qf5 20. g4 Qe6 21. Bh6 Bxh6 22. Qxh6 exf3 23. d7 Rcd8 24. Rxf3 Nfxd7 25. Bxd7 Nxd7 26. Rfd3 Qxg4 27. Qd2 Rf7 28. Nd5 Qf5 29. Ne3 Qe4 30. Ka1 Qe7 31. a3 b5 32. Ng4 Kf8 33. Qh6+ Kg8 34. Qd2 Kf8 35. Qh6+ Kg8 36. Qd2 1/2-1/2


[Site "https://www.chess.com"]

[Event "Titled Tuesday Blitz March 14 Late 2023"]
[White "Koutlas, Nikolaos"]
[Black "Korchmar, Vasiliy"]
[WhiteFideId "25827138"]
[BlackFideId "24131750"]
[WhiteElo "2215"]
[BlackElo "2370"]
[Result "1-0"]
[Round "04"]
[TimeControl "180+1"]
[Date "2023.03.14"]
[WhiteClock "0:00:06"]
[BlackClock "0:00:02"]

1. c4 c6 2. Nf3 d5 3. g3 g6 4. Bg2 Bg7 5. O-O e5 6. cxd5 cxd5 7. d3 Nc6 8. Nc3 Nge7 9. e4 d4 10. Nd5 O-O 11. Nd2 Nxd5 12. exd5 Nb4 13. Nc4 Bf5 14. Bd2 Nxd3 15. g4 Bd7 16. Qe2 Nf4 17. Bxf4 exf4 18. h3 Bb5 19. a4 Ba6 20. b4 d3 21. Qxd3 Bxc4 22. Qxc4 Bxa1 23. Rxa1 Qf6 24. Rd1 f3 25. Bh1 Rac8 26. Qe4 Rc3 27. d6 Rd8 28. d7 Kg7 29. Qxb7 h5 30. Qxa7 hxg4 31. hxg4 Qf4 32. Qd4+ Qxd4 33. Rxd4 Kf6 34. Kh2 Ke7 35. Kg3 Rxd7 36. Rxd7+ Kxd7 37. Bxf3 Rc4 38. b5 Rxa4 39. b6 Rb4 40. b7 Kd6 41. g5 Ke5 42. Bg2 Kf5 43. f4 Rb3+ 44. Bf3 Rb4 45. Bg4+ Ke4 46. Bf3+ Ke3 47. Bd5 Rb1 48. Bxf7 Rxb7 49. Bxg6 1-0


[Site "https://www.chess.com"]

[Event "Titled Tuesday Blitz March 14 Late 2023"]
[White "Kowalysko, Roman"]
[Black "Poeta, Caio Medeiros"]
[WhiteFideId "30918510"]
[BlackFideId "2142660"]
[WhiteElo "2231"]
[BlackElo "2191"]
[Result "1-0"]
[Round "04"]
[TimeControl "180+1"]
[Date "2023.03.14"]
[WhiteClock "0:00:36"]
[BlackClock "0:01:04"]

1. e4 c6 2. Nf3 d5 3. exd5 cxd5 4. Ne5 Nd7 5. d4 g6 6. Bb5 Bg7 7. Nc3 Nf6 8. O-O O-O 9. f4 a6 10. Bxd7 Bxd7 11. Nxd7 Qxd7 12. Qf3 Rad8 13. Be3 e6 14. Rae1 b5 15. a3 Rc8 16. Re2 Rc4 17. h3 Rfc8 18. g4 Qb7 19. f5 Ne4 20. fxe6 fxe6 21. Nxe4 dxe4 22. Qf2 Rf8 23. Qh2 Rxf1+ 24. Kxf1 Bxd4 25. b3 Rxc2 26. Bxd4 Rc1+ 27. Re1 Qc6 28. Qf2 Rxe1+ 29. Qxe1 Qd5 30. Qe3 a5 31. Ke2 a4 32. Bb2 axb3 33. Qd4 Qc4+ 34. Qxc4 bxc4 35. a4 Kf8 36. a5 Ke7 37. a6 c3 38. Bxc3 Kd7 39. a7 b2 40. Bxb2 1-0


[Site "https://www.chess.com"]

[Event "Titled Tuesday Blitz March 14 Late 2023"]
[White "Kozak, Adam"]
[Black "Melikyan, Gnel"]
[WhiteFideId "753246"]
[BlackFideId "54109990"]
[WhiteElo "2469"]
[BlackElo "2138"]
[Result "1-0"]
[Round "04"]
[TimeControl "180+1"]
[Date "2023.03.14"]
[WhiteClock "0:01:24"]
[BlackClock "0:00:00"]

1. e4 Nf6 2. Nc3 d6 3. d4 e5 4. Nge2 Nc6 5. h3 g6 6. Be3 Bg7 7. Qd2 O-O 8. d5 Ne7 9. O-O-O Re8 10. g4 b5 11. g5 Nh5 12. Nxb5 Rf8 13. h4 Rb8 14. Qa5 a6 15. Nxc7 Rb7 16. Bb6 Bg4 17. Rd3 Nc8 18. f3 Bd7 19. Ne6 Qxb6 20. Qxb6 Rxb6 21. Nxf8 Bxf8 22. Rc3 Rb8 23. Bh3 Bxh3 24. Rxh3 f5 25. Rc6 Nb6 26. b3 Nd7 27. exf5 gxf5 28. Rxa6 Bg7 29. Rxd6 Nc5 30. Rc6 Nb7 31. c4 1-0


[Site "https://www.chess.com"]

[Event "Titled Tuesday Blitz March 14 Late 2023"]
[White "Kozin, Yuri"]
[Black "Barash, Anton"]
[WhiteFideId "4129920"]
[BlackFideId "30935229"]
[WhiteElo "2523"]
[BlackElo "2341"]
[Result "1-0"]
[Round "04"]
[TimeControl "180+1"]
[Date "2023.03.14"]
[WhiteClock "0:00:50"]
[BlackClock "0:00:24"]

1. e4 e6 2. d4 d5 3. Nd2 Be7 4. Ngf3 Nf6 5. Bd3 c5 6. dxc5 dxe4 7. Nxe4 Nxe4 8. Bxe4 Qxd1+ 9. Kxd1 Bxc5 10. Ke2 Nd7 11. Be3 Bxe3 12. Kxe3 Nc5 13. Rhd1 Nxe4 14. Kxe4 Ke7 15. Nd4 Bd7 16. g3 Rhd8 17. f4 Rac8 18. c3 f6 19. Rd2 Be8 20. Rad1 Bh5 21. Re1 Rc4 22. Ke3 Kf7 23. Kf2 Rd6 24. h3 f5 25. Rg1 b5 26. g4 fxg4 27. hxg4 Bg6 28. a3 a5 29. Re2 b4 30. axb4 axb4 31. Nf3 Rxf4 32. Kg3 Rf6 33. Ne5+ Ke7 34. cxb4 Rb6 35. Ra1 Rxb4 36. Nc6+ 1-0


[Site "https://www.chess.com"]

[Event "Titled Tuesday Blitz March 14 Late 2023"]
[White "Larino Nieto, David"]
[Black "Rodchenkov, Sergey D."]
[WhiteFideId "2256444"]
[BlackFideId "4168712"]
[WhiteElo "2506"]
[BlackElo "2277"]
[Result "1-0"]
[Round "04"]
[TimeControl "180+1"]
[Date "2023.03.14"]
[WhiteClock "0:00:18"]
[BlackClock "0:00:16"]

1. e4 c5 2. Nc3 d6 3. g3 Nc6 4. Bg2 g6 5. d3 Bg7 6. f4 e6 7. Nf3 Nge7 8. O-O O-O 9. Be3 Nd4 10. Bf2 Rb8 11. Nxd4 cxd4 12. Ne2 Nc6 13. g4 Qa5 14. g5 Bd7 15. h4 Rbc8 16. a3 f5 17. b4 Qb5 18. exf5 gxf5 19. h5 a5 20. h6 Bh8 21. a4 Qxb4 22. Rb1 Qxa4 23. Rxb7 Nd8 24. Ra7 Bc6 25. Ng3 Bxg2 26. Kxg2 Qc6+ 27. Kh3 Rf7 28. Rxf7 Nxf7 29. Qh5 Kf8 30. g6 hxg6 31. Qxg6 Qf3 32. Qxe6 Qg4+ 33. Kg2 Rxc2 34. Re1 Ne5 35. Qxd6+ Kf7 36. Rxe5 Bxe5 37. Qxe5 a4 38. h7 1-0


[Site "https://www.chess.com"]

[Event "Titled Tuesday Blitz March 14 Late 2023"]
[White "Lenderman, Aleksandr"]
[Black "Skvortsov, Andrei"]
[WhiteFideId "2021285"]
[BlackFideId "24108600"]
[WhiteElo "2607"]
[BlackElo "2259"]
[Result "1-0"]
[Round "04"]
[TimeControl "180+1"]
[Date "2023.03.14"]
[WhiteClock "0:00:16"]
[BlackClock "0:00:06"]

1. Nf3 e6 2. g3 b5 3. e3 a6 4. Bg2 Bb7 5. O-O c5 6. d3 d6 7. e4 Nd7 8. Ng5 Ngf6 9. f4 Qc7 10. Nd2 Nb6 11. f5 exf5 12. Rxf5 Be7 13. Rf1 Nbd7 14. Ndf3 Ne5 15. Nxe5 dxe5 16. c4 Rd8 17. Qe2 Qd7 18. cxb5 axb5 19. Nf3 Qxd3 20. Qxd3 Rxd3 21. Nxe5 Rd8 22. a4 bxa4 23. Rxa4 Ra8 24. Rxa8+ Bxa8 25. Re1 O-O 26. Nc4 Nd7 27. e5 Bxg2 28. Kxg2 Nb8 29. e6 fxe6 30. Rxe6 Bf6 31. Bf4 Nd7 32. Rd6 Rd8 33. Rd5 Kf7 34. Bc7 Rc8 35. Rxd7+ Ke8 36. Nb6 Bxb2 37. Bf4 Bf6 38. Rxg7 Rc6 39. Rb7 c4 40. Nd5 Bd8 41. Be5 h6 42. Bc3 Rd6 43. Rb5 Kd7 44. Rc5 Rc6 45. Rxc6 Kxc6 46. Ne3 Kc5 47. Kf3 Bg5 48. h4 Be7 49. Nf5 Bf8 50. g4 Kd5 51. Ne3+ Kc5 52. Ke4 Be7 53. Nf5 Bf8 54. Ke5 Kb5 55. Kd5 Kb6 56. Kxc4 Kc6 57. Bb4 1-0


[Site "https://www.chess.com"]

[Event "Titled Tuesday Blitz March 14 Late 2023"]
[White "Livaic, Leon"]
[Black "Manelyuk, Daniil"]
[WhiteFideId "14531534"]
[BlackFideId "44173920"]
[WhiteElo "2509"]
[BlackElo "2259"]
[Result "0-1"]
[Round "04"]
[TimeControl "180+1"]
[Date "2023.03.14"]
[WhiteClock "0:00:05"]
[BlackClock "0:00:07"]

1. d4 Nf6 2. c4 c5 3. d5 b5 4. cxb5 a6 5. bxa6 g6 6. Nc3 Bg7 7. e4 O-O 8. a7 Rxa7 9. Nf3 e6 10. Be2 exd5 11. exd5 d6 12. O-O Na6 13. Nb5 Rd7 14. Bc4 Nc7 15. Nxc7 Qxc7 16. Re1 Bb7 17. Bg5 h6 18. Bxf6 Bxf6 19. Qd2 Kg7 20. Rad1 Ra8 21. a4 Ba6 22. Bxa6 Rxa6 23. b3 Qb8 24. Qd3 Rb6 25. Nd2 Rb4 26. Re4 Rdb7 27. Rxb4 Rxb4 28. g3 Rd4 29. Qf3 Rb4 30. h4 Qb7 31. Nc4 Qb8 32. Rd3 Rb7 33. Kg2 Bd4 34. a5 Re7 35. Rd2 Qb4 36. a6 Ra7 37. Ra2 Qb8 38. Qf4 Qxb3 39. Nxd6 Qxa2 40. Ne8+ Kf8 41. Nc7 Rxc7 42. Qxc7 Qxa6 43. d6 Qa8+ 44. Kh3 Kg7 45. d7 Bf6 46. Qxc5 Qh1+ 47. Kg4 h5+ 48. Kf4 Qd1 49. Qc6 Qd3 50. Qb7 Be7 51. Qb2+ f6 0-1


[Site "https://www.chess.com"]

[Event "Titled Tuesday Blitz March 14 Late 2023"]
[White "Lorenzo De La Riva, Lazaro"]
[Black "Tymrakiewicz, Rafal"]
[WhiteFideId "2268809"]
[BlackFideId "1108832"]
[WhiteElo "2294"]
[BlackElo "2151"]
[Result "1-0"]
[Round "04"]
[TimeControl "180+1"]
[Date "2023.03.14"]
[WhiteClock "0:00:28"]
[BlackClock "0:00:03"]

1. d4 Nf6 2. Nf3 d6 3. e3 g6 4. Be2 Bg7 5. b3 O-O 6. Bb2 b6 7. O-O Bb7 8. c4 e6 9. Qc2 Nbd7 10. Nc3 Qe7 11. e4 c5 12. d5 Nh5 13. Rfe1 Bxc3 14. Bxc3 e5 15. Nd2 Rae8 16. Bxh5 gxh5 17. Nf1 f5 18. exf5 Qg5 19. Ng3 h4 20. Bd2 Qf6 21. Nf1 Qxf5 22. Qxf5 Rxf5 23. g4 Rf3 24. Re3 Ref8 25. Rxf3 Rxf3 26. Kg2 e4 27. Re1 h3+ 28. Kg1 Nf6 29. g5 Ng4 30. Rxe4 Nxf2 31. Re7 Ba6 32. Rxa7 1-0


[Site "https://www.chess.com"]

[Event "Titled Tuesday Blitz March 14 Late 2023"]
[White "Mahdavi, Reza"]
[Black "Jaskolka, Tomasz"]
[WhiteFideId "12595926"]
[BlackFideId "1170791"]
[WhiteElo "2208"]
[BlackElo "2155"]
[Result "1/2-1/2"]
[Round "04"]
[TimeControl "180+1"]
[Date "2023.03.14"]
[WhiteClock "0:00:03"]
[BlackClock "0:00:04"]

1. Nf3 d5 2. g3 Nd7 3. d4 Nb6 4. Bg2 c6 5. b3 Bf5 6. O-O e6 7. Bb2 h6 8. Nbd2 Nf6 9. c4 Be7 10. Ne5 O-O 11. Re1 Bh7 12. e4 Bb4 13. exd5 exd5 14. a3 Bxd2 15. Qxd2 Ne4 16. Qf4 Qg5 17. Qxg5 Nxg5 18. c5 Nc8 19. h4 Ne6 20. Bh3 Ne7 21. Nxf7 Kxf7 22. Bxe6+ Kf6 23. Re3 Nf5 24. Re5 Rae8 25. Rae1 g6 26. Kg2 Ng7 27. Bd7 Rxe5 28. Rxe5 Rf7 29. Bg4 Nf5 30. h5 gxh5 31. Bxh5 Re7 32. Rxe7 Nxe7 33. Bg4 b6 34. cxb6 axb6 35. b4 Bf5 36. Be2 Be4+ 37. f3 Bc2 38. g4 Nc8 39. Bc1 Kg6 40. Bf4 b5 41. Kf2 Nb6 42. Kg3 Nc4 43. Bxc4 dxc4 44. Bd2 Bd1 45. Kf4 Be2 46. Ke4 Bd1 47. Kf4 Be2 48. Ke3 Bd1 49. Kf2 Kg7 50. Kg3 Kg6 51. f4 Bc2 52. g5 hxg5 53. fxg5 Bd3 54. Kf4 Bc2 55. Ke5 Bd3 56. Kd6 Be4 57. Kc5 Bf3 58. Bc1 Be4 59. Kb6 Bf3 60. Ka5 Bd1 61. d5 cxd5 62. Kxb5 Kf5 63. Kc5 Ke4 64. g6 Bh5 65. g7 Bf7 66. b5 c3 67. b6 d4 68. b7 d3 69. b8=Q d2 70. Qb7+ Kd3 71. Bxd2 Kxd2 72. Qxf7 c2 73. Qc4 Kc1 74. g8=Q Kb1 75. Qg1+ Kb2 76. Qb4+ Ka2 77. Qc4+ Kb2 78. Qxc2+ Kxa3 79. Kc4 1/2-1/2


[Site "https://www.chess.com"]

[Event "Titled Tuesday Blitz March 14 Late 2023"]
[White "Manukian, Artak"]
[Black "Fajdetic, Hrvoje"]
[WhiteFideId "13301373"]
[BlackFideId "14501945"]
[WhiteElo "2130"]
[BlackElo "2185"]
[Result "1-0"]
[Round "04"]
[TimeControl "180+1"]
[Date "2023.03.14"]
[WhiteClock "0:01:44"]
[BlackClock "0:00:36"]

1. e4 c5 2. Nf3 a6 3. c3 d5 4. exd5 Qxd5 5. d4 Bg4 6. Be2 Nf6 7. Be3 e6 8. h3 Bh5 9. dxc5 Nbd7 10. b4 Qxd1+ 11. Bxd1 Nd5 12. O-O Nxe3 13. fxe3 Be7 14. Nd4 Bg6 15. Nd2 a5 16. Nc4 Bd3 17. Be2 Bxe2 18. Nxe2 O-O 19. a4 Bf6 20. Nd4 g6 21. Nxa5 Bg5 22. Nc4 e5 23. Nf3 Bh6 24. e4 Rfc8 25. Rfd1 Rc7 26. a5 f6 27. Nb6 Nxb6 28. axb6 Rxa1 29. Rxa1 Rd7 30. Ra7 Rd3 31. Rxb7 Rxc3 32. Rc7 Rc4 33. b7 Be3+ 34. Kf1 1-0


[Site "https://www.chess.com"]

[Event "Titled Tuesday Blitz March 14 Late 2023"]
[White "Maranhao,Jose Renato Ruiz"]
[Black "Trakru, Rohun"]
[WhiteFideId "2135175"]
[BlackFideId "2097613"]
[WhiteElo "1970"]
[BlackElo "1852"]
[Result "0-1"]
[Round "04"]
[TimeControl "180+1"]
[Date "2023.03.14"]
[WhiteClock "0:00:01"]
[BlackClock "0:01:16"]

1. g3 d5 2. Bg2 g6 3. d3 Bg7 4. Nf3 e5 5. O-O Nc6 6. e4 dxe4 7. dxe4 Qxd1 8. Rxd1 Bg4 9. Nc3 Nd4 10. Nxd4 exd4 11. Nb5 Bxd1 12. Nxc7+ Kd7 13. Nxa8 Bxc2 14. Bf4 Nf6 15. Rc1 d3 16. Bh3+ Kc6 17. Nc7 Nxe4 18. Bg2 f5 19. Ne6 Bxb2 20. Re1 Re8 21. f3 Rxe6 22. fxe4 fxe4 0-1


[Site "https://www.chess.com"]

[Event "Titled Tuesday Blitz March 14 Late 2023"]
[White "Martinez Alcantara, Jose Eduardo"]
[Black "Vlassov, Nikolai"]
[WhiteFideId "3805662"]
[BlackFideId "4103360"]
[WhiteElo "2712"]
[BlackElo "2324"]
[Result "1-0"]
[Round "04"]
[TimeControl "180+1"]
[Date "2023.03.14"]
[WhiteClock "0:01:14"]
[BlackClock "0:00:05"]

1. e4 c5 2. Nf3 d6 3. c3 Nf6 4. h3 g6 5. Bd3 Bg7 6. O-O O-O 7. Bc2 e5 8. d4 exd4 9. cxd4 cxd4 10. Nxd4 Re8 11. Nc3 Nc6 12. Ndb5 d5 13. exd5 Nb4 14. Ba4 a6 15. Nc7 Qxc7 16. Bxe8 Bf5 17. Ba4 Rd8 18. Bb3 Nd3 19. g4 Nxc1 20. Rxc1 Bd7 21. Qf3 Qa5 22. Rfe1 Rf8 23. Re7 Bc8 24. d6 h5 25. Nd5 Nxd5 26. Bxd5 hxg4 27. hxg4 1-0


[Site "https://www.chess.com"]

[Event "Titled Tuesday Blitz March 14 Late 2023"]
[White "Martinez Molina, Carlos Alberto"]
[Black "Simonovic, Miroslav"]
[WhiteFideId "5122708"]
[BlackFideId "919152"]
[WhiteElo "2212"]
[BlackElo "2042"]
[Result "1-0"]
[Round "04"]
[TimeControl "180+1"]
[Date "2023.03.14"]
[WhiteClock "0:00:27"]
[BlackClock "0:00:15"]

1. e4 c5 2. b3 Nc6 3. Bb2 d6 4. Bb5 Bd7 5. Bxc6 Bxc6 6. Nc3 e5 7. Qe2 g6 8. O-O-O Bg7 9. f4 Ne7 10. Nf3 Qd7 11. Rhf1 f6 12. h3 h5 13. fxe5 dxe5 14. Nh4 O-O-O 15. a4 a6 16. Qf2 c4 17. Nf3 cxb3 18. cxb3 Qe6 19. Kc2 f5 20. exf5 Nxf5 21. Ng5 Qd7 22. Nce4 Qd3+ 23. Kc1 Bxe4 24. Nxe4 Qxe4 25. d3 Qd5 26. Kb1 Qxb3 27. Qa7 e4 28. Rc1+ Kd7 29. d4 Rc8 30. Ka1 Rxc1+ 31. Rxc1 Rc8 32. Rxc8 Kxc8 33. Qa8+ Kc7 34. Qe8 Bxd4 35. Qf7+ Kb8 36. Qxb3 Bxb2+ 37. Kxb2 e3 38. Qe6 h4 39. Kc1 Ka8 40. Kd1 Ka7 41. a5 Ka8 42. Qg8+ Ka7 43. Qxg6 Ng3 44. Qb6+ Ka8 45. Qd8+ Ka7 46. Qd4+ Ka8 47. Qxe3 Nf5 48. Qe8+ Ka7 49. Qd7 Ng3 50. Qd4+ Ka8 51. Qxh4 Nh1 52. Ke1 b5 53. Kf1 b4 54. Kg1 b3 55. Kxh1 b2 56. Qe4+ Ka7 57. Qb1 Kb7 58. h4 Kc6 59. h5 Kb5 60. h6 Kxa5 61. h7 Kb4 62. h8=Q Kb3 63. Qhxb2+ Kc4 64. Q1c1+ Kd5 65. Qbd2+ Ke5 66. Qce1+ Kf5 67. Qdf2+ Kg4 68. Qe4+ Kh5 69. Qff5+ Kh6 70. Qh4+ 1-0


[Site "https://www.chess.com"]